 Dungeon Crawl Stone Soup version 0.29.1-12-g30fa7ad0bf (webtiles) character file.

Game seed: 12218706804588239649

103809 LustLizard the Marksspriggan (level 15, 0/72 (75) HPs)
             Began as a Spriggan Hunter on Dec 31, 2022.
             Was the Champion of Dithmenos.
             Slain by a spectral fenstrider witch (13 damage)
             ... called from beyond by a ghost crab
             ... on level 1 of the Swamp.
             The game lasted 01:22:25 (27431 turns).

LustLizard the Marksspriggan (Spriggan Hunter)     Turns: 27431, Time: 01:22:27

HP:   0/72 (75)     AC:  7    Str:  7    XL:     15   Next: 90%
MP:   25/25         EV: 37    Int: 10    God:    Dithmenos [******]
Gold: 1482          SH:  0    Dex: 34    Spells: 14/14 levels left

rFire   + . .      SeeInvis +   K - +1 arbalest (elec)
rCold   . . .      Faith    .   (shield currently unavailable)
rNeg    . . .      Spirit   .   V - +0 robe of the Depths {rF+ Dex+7}
rPois   .          Reflect  .   U - +1 hat {Stlth+}
rElec   .          Harm     .   r - scarf {+Inv}
rCorr   .          Rampage  .   (gloves unavailable)
Will    +++..                   (boots unavailable) Stlth **++++++++
                                D - amulet of regeneration
HPRegen 1.02/turn               R - ring of willpower
MPRegen 0.19/turn               J - +4 ring of protection

@: about to teleport, wreathed by umbra, lightly drained, very quick
A: very small, no large weapons, unfitting armour, see invisible, speed 3
a: Renounce Religion, Evoke Invisibility, Shadow Step, Shadow Form


You were on level 1 of the Swamp.
You worshipped Dithmenos.
Dithmenos was exalted by your worship.
You visited 5 branches of the dungeon, and saw 24 of its levels.
You also visited: Sewer and Gauntlet.

You collected 2259 gold pieces.
You spent 777 gold pieces at shops.

Inventory:

Hand Weapons
 K - a +1 arbalest of electrocution (weapon)
Missiles
 k - 2 throwing nets
Armour
 i - the -1 buckler "Vuata" {rElec}
   (You found it on level 9 of the Dungeon)

   rElec:     It insulates you from electricity.
 r - a scarf of invisibility (worn)
 O - a +0 troll leather armour
 U - a +1 hat of stealth (worn)
 V - the +0 robe of the Depths (worn) {rF+ Dex+7}
   (You found it in a Gauntlet)

   Dex:       It affects your dexterity (+7).
   rF:        It protects you from fire.
Jewellery
 B - a ring of wizardry
 D - an amulet of regeneration (around neck)
 E - an amulet of guardian spirit
 F - a ring of positive energy
 G - a ring of poison resistance
 J - a +4 ring of protection (right hand)
 N - a ring of protection from fire
 R - a ring of willpower (left hand)
 S - the ring of the Real Monster {*Slow rN+ rCorr Int+4 SInv}
   (You found it in a Gauntlet)

   [ring of see invisible]

   Int:       It affects your intelligence (+4).
   rN:        It protects you from negative energy.
   SInv:      It lets you see invisible.
   rCorr:     It protects you from acid and corrosion.
   *Slow:     It may slow you when you take damage.
 T - a ring of willpower
 W - a +6 ring of strength
 X - a ring of flight
 Y - a ring of magical power
Wands
 m - a wand of light (10)
 q - a wand of digging (11)
 s - a wand of charming (26)
 v - a wand of polymorph (25)
 x - a wand of mindburst (40)
 H - a wand of iceblast (26)
 I - a wand of flame (32)
Scrolls
 b - 2 scrolls of fear
 e - a scroll of fog
 f - a scroll of torment
 h - a scroll of blinking
 l - 5 scrolls of enchant armour
 o - 2 scrolls of noise
 t - 3 scrolls of summoning
 u - 7 scrolls of enchant weapon
 w - 5 scrolls of teleportation
 y - 4 scrolls of identify
 C - 2 scrolls of poison
 L - 4 scrolls of magic mapping
 M - a scroll of silence
Potions
 c - a potion of invisibility
 d - 4 potions of resistance
 g - 4 potions of mutation
 j - 4 potions of might
 n - 2 potions of cancellation
 p - 13 potions of curing
 z - 2 potions of haste
 A - a potion of heal wounds
 P - 4 potions of brilliance
 Q - 4 potions of flight
 Z - 2 potions of magic
Miscellaneous
 a - a lightning rod (4/4)


   Skills:
 + Level 7.2 Fighting
 - Level 20.8 Ranged Weapons
 + Level 13.1 Dodging
 + Level 9.7 Stealth
 * Level 13.3 Invocations
 - Level 14.0 Evocations


You had 14 spell levels left.
You didn't know any spells.
Your spell library contained the following spells:

 Spells                   Type           Power      Damage    Failure   Level
 Apportation              Tloc           0%         N/A       36%         1
 Freeze                   Ice            0%         1d3       36%         1
 Magic Dart               Conj           0%         1d3       36%         1
 Necrotise                Necr           0%         1d4       36%         1
 Sandblast                Erth           0%         2d4       36%         1
 Slow                     Hex            0%         N/A       36%         1
 Summon Small Mammal      Summ           0%         N/A       36%         1
 Call Imp                 Summ           0%         N/A       50%         2
 Ensorcelled Hibernation  Hex/Ice        0%         N/A       50%         2
 Passwall                 Tmut/Erth      0%         N/A       50%         2
 Static Discharge         Conj/Air       0%         3-3/arc   50%         2
 Sublimation of Blood     Necr           0%         N/A       50%         2
 Wereblood                Tmut           0%         N/A       50%         2
 Confusing Touch          Hex            0%         N/A       75%         3
 Conjure Flame            Conj/Fire      0%         6-21      75%         3
 Frozen Ramparts          Ice            0%         1d1       75%         3
 Ignite Poison            Fire/Tmut/Pois 0%         N/A       75%         3
 Mephitic Cloud           Conj/Pois/Air  0%         N/A       75%         3
 Ozocubu's Armour         Ice            0%         N/A       75%         3
 Spider Form              Tmut/Pois      0%         N/A       75%         3
 Stone Arrow              Conj/Erth      0%         3d7       75%         3
 Vampiric Draining        Necr           0%         2d6       75%         3
 Anguish                  Hex/Necr       0%         N/A       98%         4
 Dispel Undead            Necr           0%         3d6       98%         4
 Hailstorm                Conj/Ice       0%         3d3       98%         4
 Ice Form                 Ice/Tmut       0%         N/A       98%         4
 Sticky Flame             Conj/Fire      0%         2d3       98%         4
 Summon Ice Beast         Ice/Summ       0%         N/A       98%         4
 Malign Gateway           Summ/Tloc      0%         N/A       100%        7
 Ozocubu's Refrigeration  Ice            0%         4d7       100%        7
 Summon Hydra             Summ           0%         N/A       100%        7
 Dragon's Call            Summ           0%         N/A       100%        9


Dungeon Overview and Level Annotations

Branches:
Dungeon (15/15)            Temple (1/1) D:7            Lair (5/5) D:11
  Swamp (1/4) Lair:3        Snake (0/4) Lair:3        Slime (0/5) Lair:4
    Orc (2/2) D:12            Elf (0/3) Orc:2        Vaults (0/5) D:13
 Depths (0/4) D:15          Sewer (visited)         Gauntlet (visited)

Altars:
Ashenzari
Cheibriados
Dithmenos
Elyvilon
Fedhas
Gozag
Hepliaklqana
Kikubaaqudgha
Makhleb
Nemelex Xobeh
Okawaru
Qazlal
Ru
Sif Muna
Trog
Uskayaw
Vehumet
Wu Jian
Xom
Yredelemnul
Zin
The Shining One
Jiyva

Shops:
D:3 (   D:11 *   D:14 [=??*   Orc:2 =*(?

Annotations:
D:7 Menkaure
D:10 1 transporter
D:11 2 transporters
D:12 2 transporters, Qeuwav's ghost, journeyman HOFi
D:15 Louise
Lair:2 Sonja
Lair:5 1 runed translucent door
Swamp:1 Roxanne


Innate Abilities, Weirdness & Mutations

You are very small and have problems with some larger weapons.
You are too small for most types of armour.
You have supernaturally acute eyesight. (SInv)
You cover ground extremely quickly. (Speed+++)


Message History

You shoot a bolt.
The bolt hits the spectral fenstrider witch!!!
You destroy the spectral fenstrider witch!
The spectral fenstrider witch fades away!
Your shadow shoots a bolt.
The bolt hits the ghost crab.
The spectral fenstrider witch barely misses you.
The spectral fenstrider witch completely misses you.
The ghost crab breathes spectral mist at you.
The spectral mist engulfs you but does no damage.
The spectral fenstrider witch completely misses you.
The spectral fenstrider witch kicks you!
You feel drained.
Fire: K) +1 arbalest (elec)
Press: ? - help, Q - select action, (/) - cycle Shift-Dir - straight line, f/p - ghost crab
Aim: a ghost crab (spectral mist, almost destroyed, umbra, 84% to hit)
You shoot a bolt.
The bolt hits the spectral alligator snapping turtle!!
The spectral alligator snapping turtle is lightly damaged.
You are engulfed in spectral mist.
* * * LOW HITPOINT WARNING * * *
You emit a cloud of dark smoke.
The spectral fenstrider witch completely misses you.
The spectral fenstrider witch misses you.
The ghost crab breathes spectral mist at you.
The spectral mist engulfs the spectral alligator snapping turtle but does no damage.
A spriggan druid comes into view. It is wielding a +0 quarterstaff.
You feel much better.
You are engulfed in spectral mist.
The spectral fenstrider witch completely misses you. x2
As you read the scroll of teleportation, it crumbles to dust.
You feel strangely unstable.
You are engulfed in spectral mist.
You emit a cloud of dark smoke.
The spectral spriggan berserker fades away!
The spectral fenstrider witch misses you.
The spectral fenstrider witch kicks you!
* * * LOW HITPOINT WARNING * * *
The spectral alligator snapping turtle completely misses you.
The ghost crab breathes spectral mist at you.
The spectral mist engulfs the spectral alligator snapping turtle but does no damage.
The spectral fenstrider witch hits you!
You die...

~. .. ..8i
§...~..
#######♣#♣#
~....~~
#..○☼§ZZ@§♣
~.)..♣
#.####♣##Z♣
~.~).♣ #.#
t# ~.~.♣♣
♣.# t#
~§~.~♣♣♣#)#
÷#
~~~~.♣~.#.#
i#
~~~~....♣.#
.♣
~~~~~...♣.#
.#
~~~~~~♣♣#)#
#♣♣♣♣♣


You could see a ghost crab, a spectral alligator snapping turtle (summoned), a
spectral spriggan air mage (summoned) and a spectral fenstrider witch
(summoned).

Vanquished Creatures
  Jorgrun (D:14)
  Frances (D:14)
  Kirke (D:12)
  2 orc warlords
  A bunyip (Swamp:1)
  A minotaur (Gauntlet)
  Josephine (D:12)
  A rakshasa (D:15)
  A boulder beetle (D:12)
  Erolcha (D:9)
  A catoblepas (Lair:5)
  9 hydras
  4 centaur warriors
  4 ghost crabs (Swamp:1)
  2 dancing weapons (D:13)
  6 two-headed ogres
  3 alligators
  A tengu warrior (D:13)
  4 orc high priests (Orc:2)
  Urug (D:12)
  Nergalle (D:12)
  A goliath frog (Swamp:1)
  A swamp dragon (Swamp:1)
  Pikel (D:4)
  5 bog bodies
  5 spriggan druids (Swamp:1)
  7 orc knights
  2 lindwurms (Lair:5)
  A wolf spider (D:15)
  7 orc sorcerers
  A salamander (D:15)
  A deep elf pyromancer (D:12)
  12 ugly things
  3 manticores
  3 cyclopes
  3 will-o-the-wisps (Swamp:1)
  7 elephants (Lair:4)
  4 black mambas
  Joseph (D:7)
  5 torpor snails (Lair:5)
  10 cane toads
  3 gargoyles
  2 rime drakes
  7 komodo dragons
  A tengu conjurer (D:13)
  11 polar bears (Lair:5)
  A bloated husk (Swamp:1)
  15 hornets
  4 tyrant leeches
  11 trolls
  3 raiju (Lair:5)
  11 dream sheep
  9 slime creatures
  7 wraiths
  A shadow (D:10)
  4 spriggans (Swamp:1)
  6 wyverns
  21 yaks
  3 hogs (D:12)
  Eustachio (D:5)
  2 basilisks
  A golden eye (shapeshifter) (D:13)
  8 vampire mosquitoes
  2 steam dragons (D:8)
  8 wargs
  A harpy simulacrum (D:15)
  2 acid dragons
  4 swamp worms
  An acid dragon (shapeshifter) (D:15)
  12 water moccasins
  12 hell hounds (Lair:5)
  50 orc warriors
  2 sky beasts
  2 ice beasts
  13 black bears
  19 wolves
  9 ogres
  10 centaurs
  A lemure (D:4)
  2 phantoms
  2 kobold brigands
  Blork the orc (D:5)
  A necrophage (D:5)
  5 bullfrogs
  3 gnoll sergeants
  A scorpion (D:6)
  10 wights
  19 killer bees
  2 electric eels
  9 howler monkeys
  A hound (D:6)
  Crazy Yiuf (D:2)
  33 orc priests
  A gnoll bouda (D:5)
  Terence (D:2)
  23 orc wizards
  11 gnolls
  8 adders
  2 adder skeletons (D:2)
  4 worms
  2 dart slugs
  112 orcs
  7 ball pythons
  10 bats
  2 bat skeletons (D:2)
  A bat zombie (D:2)
  9 endoplasms
  4 giant cockroaches
  9 hobgoblins
  2 jackals (D:3)
  21 kobolds
  7 quokkas
  5 frilled lizards (D:1)
  10 goblins
  A jackal zombie (D:2)
  4 rats
753 creatures vanquished.

Vanquished Creatures (others)
  2 shadows (D:9)
  10 foxfires (Swamp:1)
  7 fungi
  43 plants
62 creatures vanquished.

Grand Total: 815 creatures vanquished

Notes
Turn   | Place    | Note
-------+----------+-------------------------------------------
     0 | D:1      | LustLizard the Spriggan Hunter began the quest for the Orb.
     0 | D:1      | Reached XP level 1. HP: 10/10 MP: 2/2
   135 | D:1      | Reached XP level 2. HP: 14/14 MP: 3/3
   276 | D:1      | Found a faded altar of an unknown god.
   797 | D:1      | Reached XP level 3. HP: 18/18 MP: 4/4
  1056 | D:2      | Noticed Terence
  1141 | D:2      | Killed Terence
  1142 | D:2      | Reached skill level 5 in Ranged Weapons
  1189 | D:2      | Reached XP level 4. HP: 21/22 MP: 5/5
  1439 | D:2      | Found a runed translucent door.
  1440 | D:2      | Noticed Crazy Yiuf
  1467 | D:2      | Killed Crazy Yiuf
  1678 | D:3      | Noticed a phantom
  1778 | D:3      | Identified the +9 short sword "Bidallew" {drain, rPois
                  | Will++}
  1863 | D:3      | Reached XP level 5. HP: 25/25 MP: 6/6
  2094 | D:3      | Found a glowing golden altar of the Shining One.
  2131 | D:3      | Found Goshez's Weapon Boutique.
  2209 | D:3      | Killed a phantom
  2210 | D:3      | Reached skill level 6 in Ranged Weapons
  2210 | D:3      | Reached skill level 5 in Stealth
  2808 | D:4      | Found a glowing drain.
  2999 | Sewer    | Entered a sewer
  3028 | Sewer    | Noticed a water moccasin
  3031 | Sewer    | Killed a water moccasin
  3032 | Sewer    | Reached skill level 7 in Ranged Weapons
  3032 | Sewer    | Reached XP level 6. HP: 30/30 MP: 7/7
  3159 | Sewer    | Identified the +6 tower shield "Sesom" {rF- rC+ rCorr}
  3388 | D:4      | Noticed Pikel
  3528 | D:4      | Killed Pikel
  3529 | D:4      | Reached skill level 9 in Ranged Weapons
  3529 | D:4      | Reached XP level 7. HP: 22/33 MP: 8/8
  4336 | D:4      | You fall into a shaft and drop 2 floors!
  4358 | D:6      | Found a hide-covered altar of Uskayaw.
  4431 | D:6      | Reached XP level 8. HP: 30/37 MP: 9/9
  4472 | D:5      | Entered Level 5 of the Dungeon
  4759 | D:5      | Reached skill level 10 in Ranged Weapons
  5217 | D:5      | Noticed Blork the orc
  5226 | D:5      | Killed Blork the orc
  5318 | D:5      | Noticed Eustachio
  5329 | D:5      | Killed Eustachio
  5893 | D:6      | Reached skill level 11 in Ranged Weapons
  6085 | D:6      | Reached skill level 5 in Dodging
  6326 | D:7      | Noticed Joseph
  6411 | D:7      | Reached skill level 1 in Evocations
  6757 | D:7      | Reached XP level 9. HP: 41/41 MP: 10/10
  6782 | D:7      | Found a staircase to the Ecumenical Temple.
  6796 | Temple   | Entered the Ecumenical Temple
  6876 | D:7      | Identified the +4 leather armour of a bailey {+Inv rPois
                  | Str-3 Dex+3}
  7339 | D:7      | Noticed Menkaure
  7842 | D:8      | Noticed a two-headed ogre
  7871 | D:8      | Killed a two-headed ogre
  8894 | D:8      | Reached skill level 12 in Ranged Weapons
  9121 | D:9      | Reached XP level 10. HP: 41/46 MP: 11/11
  9186 | D:9      | Noticed a two-headed ogre
  9216 | D:9      | Killed a two-headed ogre
  9403 | D:9      | Found a shadowy altar of Dithmenos.
  9411 | D:9      | Became a worshipper of Dithmenos the Shadowed
  9755 | D:9      | Reached skill level 10 in Evocations
  9795 | D:9      | Identified the -1 buckler "Vuata" {rElec}
  9997 | D:9      | Found an iron altar of Okawaru.
 10375 | D:9      | Reached * piety under Dithmenos
 10490 | D:10     | Entered Level 10 of the Dungeon
 10490 | D:10     | Found a transporter.
 10490 | D:10     | Found a transporter.
 10526 | D:10     | Found a white marble altar of Elyvilon.
 10538 | D:10     | Noticed a six-headed hydra
 10565 | D:10     | Killed a six-headed hydra
 10566 | D:10     | Reached skill level 13 in Ranged Weapons
 10566 | D:10     | Reached skill level 10 in Dodging
 10693 | D:9      | Noticed Erolcha
 10900 | D:10     | Noticed a two-headed ogre
 10919 | D:10     | Reached XP level 11. HP: 49/49 MP: 12/12
 10924 | D:10     | Killed a two-headed ogre
 11027 | D:10     | Found a radiant altar of Vehumet.
 11147 | D:10     | Reached ** piety under Dithmenos
 11332 | D:10     | Found a shimmering blue altar of Sif Muna.
 11481 | D:10     | Found an ancient bone altar of Kikubaaqudgha.
 11730 | D:11     | Found a staircase to the Lair.
 11811 | D:11     | Reached skill level 1 in Invocations
 12056 | D:11     | Found a transporter.
 12219 | D:11     | Found Subes's General Store.
 12332 | D:11     | Found a transporter.
 12451 | D:12     | Noticed a boulder beetle
 12460 | D:12     | Noticed Qeuwav's ghost (journeyman HOFi)
 12465 | D:12     | Noticed an orc knight
 12471 | D:12     | Noticed a tengu reaver
 12475 | D:12     | Found a transporter.
 12563 | D:12     | Noticed a brown ugly thing
 12569 | D:12     | Found a transporter.
 12607 | D:12     | Noticed Nergalle
 12708 | Lair:1   | Entered Level 1 of the Lair of Beasts
 13446 | Lair:1   | Reached skill level 5 in Invocations
 13702 | Lair:2   | Found a gate leading to a gauntlet.
 13712 | Lair:2   | Reached skill level 14 in Ranged Weapons
 13865 | Lair:2   | Noticed Sonja
 13911 | Gauntlet | Entered a Gauntlet
 13911 | Gauntlet | Noticed an oklob plant
 13911 | Gauntlet | Found a transporter.
 13911 | Gauntlet | Found a transporter.
 13912 | Gauntlet | Found a transporter.
 13912 | Gauntlet | Found a transporter.
 13913 | Gauntlet | Noticed a wretched star
 13915 | Gauntlet | Found a transporter.
 13928 | Gauntlet | Noticed a wretched star
 13929 | Gauntlet | Found a transporter.
 13989 | Gauntlet | Found a transporter.
 13995 | Gauntlet | Found a transporter.
 14003 | Gauntlet | Found a transporter.
 14020 | Gauntlet | Found a transporter.
 14028 | Gauntlet | Found a transporter.
 14045 | Gauntlet | Found a transporter.
 14234 | Gauntlet | Identified the ring of the Real Monster {*Slow rN+ rCorr
                  | Int+4 SInv}
 14282 | Gauntlet | Identified the +0 crystal plate armour of Eneo {rF++ Will+}
 14282 | Gauntlet | Noticed a minotaur
 14300 | Gauntlet | Killed a minotaur
 14300 | Gauntlet | Reached *** piety under Dithmenos
 14301 | Gauntlet | Reached XP level 12. HP: 47/53 MP: 14/17
 14316 | Gauntlet | Identified the +0 robe of the Depths {rF+ Dex+7}
 15243 | Lair:3   | Identified the +2 robe "Guhe" {Regen+}
 15389 | Lair:3   | Found a staircase to the Snake Pit.
 15656 | Lair:3   | Noticed an eight-headed hydra
 15659 | Lair:3   | Killed an eight-headed hydra
 15739 | Lair:3   | Found a staircase to the Swamp.
 16056 | Lair:4   | Reached skill level 15 in Ranged Weapons
 16422 | Lair:4   | Noticed an eight-headed hydra
 16434 | Lair:4   | Killed an eight-headed hydra
 16486 | Lair:4   | Found a viscous altar of Jiyva.
 16486 | Lair:4   | Found a staircase to the Slime Pits.
 17017 | Lair:5   | Entered Level 5 of the Lair of Beasts
 17160 | Lair:5   | Reached **** piety under Dithmenos
 17167 | Lair:5   | Identified the +1 sling "Urogg" {venom, rC- rN+ MP+9 Int+2}
 17192 | Lair:5   | Reached XP level 13. HP: 57/57 MP: 19/19
 17317 | Lair:4   | Reached skill level 16 in Ranged Weapons
 17909 | Lair:5   | Found a runed translucent door.
 17948 | Lair:5   | Reached ***** piety under Dithmenos
 17967 | Lair:5   | Reached skill level 17 in Ranged Weapons
 18094 | Lair:5   | Identified a scroll of acquirement
 18095 | Lair:5   | Acquired a manual of Ranged Weapons
 18158 | Lair:5   | Identified the +1 plate armour "Ceteuch" {rC+ Will- Str+3
                  | Int+4}
 18535 | Lair:5   | Reached skill level 18 in Ranged Weapons
 19104 | D:7      | Found a snail-covered altar of Cheibriados.
 19332 | D:7      | Killed Joseph
 19867 | D:9      | Killed Erolcha
 19998 | D:12     | Reached XP level 14. HP: 65/65 MP: 22/22
 20010 | D:12     | Found a staircase to the Orcish Mines.
 20030 | D:12     | Noticed Kirke
 20073 | D:12     | Killed Kirke
 20177 | D:12     | Reached skill level 10 in Invocations
 20207 | D:12     | Noticed Urug
 20215 | D:12     | Killed Urug
 20260 | D:12     | Reached skill level 19 in Ranged Weapons
 20302 | D:12     | Got the Atlas of the Gathered Squall
 20544 | D:12     | Killed Nergalle
 20544 | D:12     | Reached ****** piety under Dithmenos
 21074 | D:13     | Found a gate to the Vaults.
 21685 | D:14     | Found Fikkol Esto's General Store.
 21727 | D:14     | Noticed Frances
 21841 | D:14     | Found Acsyhor's Magic Scroll Boutique.
 21847 | D:14     | Bought a scroll of blinking for 120 gold pieces
 21847 | D:14     | Bought a scroll of enchant weapon for 120 gold pieces
 22010 | D:14     | Found Cutsanaw's Magic Scroll Emporium.
 22027 | D:14     | Noticed Jorgrun
 22070 | D:14     | Killed Jorgrun
 22071 | D:14     | Reached skill level 20 in Ranged Weapons
 22101 | D:14     | Found Ustriogo's Armour Emporium.
 22244 | D:14     | Reached skill level 5 in Fighting
 22261 | D:14     | Found Oleg Qaw's Jewellery Shoppe.
 22601 | D:14     | Killed Frances
 22746 | D:15     | Entered Level 15 of the Dungeon
 23252 | D:15     | Noticed Louise
 23392 | D:15     | Found a staircase to the Depths.
 24279 | Orc:1    | Entered Level 1 of the Orcish Mines
 24279 | Orc:1    | Noticed Josephine
 24286 | D:12     | Killed Josephine
 24301 | Orc:1    | Reached XP level 15. HP: 57/73 MP: 24/24
 24515 | Orc:1    | Noticed an orc warlord
 24551 | Orc:1    | Killed an orc warlord
 24845 | Orc:2    | Entered Level 2 of the Orcish Mines
 25146 | Orc:2    | Found Gifamuc's Weapon Boutique.
 25156 | Orc:2    | Found Taodd's Magic Scroll Shop.
 25638 | Orc:2    | Noticed an orc warlord
 25662 | Orc:2    | Killed an orc warlord
 25724 | Orc:2    | Found Cam Xeat's Jewellery Boutique.
 25780 | Orc:2    | Found Yxysun's General Store.
 26052 | Orc:2    | Found a staircase to the Elven Halls.
 26256 | Orc:2    | Bought a scroll of enchant armour for 105 gold pieces
 26315 | Orc:2    | Bought a +4 ring of protection for 432 gold pieces
 26522 | Swamp:1  | Entered Level 1 of the Swamp
 26531 | Swamp:1  | Identified Roxanne's Monograph on Geology
 26531 | Swamp:1  | Noticed Roxanne
 26866 | Swamp:1  | Found a runed translucent door.
 27431 | Swamp:1  | Slain by a spectral fenstrider witch

Illustrated notes

Levels and vault maps discovered:
D:1:      minmay_arrival_diagonal_passages, layout_loops_cross,
          hellmonk_ecumenical_altar_arch_garden
D:2:      layout_rooms, serial_undead, serial_undead_f, serial_undead_e,
          serial_undead_d, serial_undead_b, nrook_loot_triangle,
          uniq_crazy_yiuf_cottage, uniq_terence
D:3:      layout_basic, tso_metal_star, serial_shops,
          nicolae_shop_bloodbath_and_beyond, minmay_vboxes
D:4:      layout_gridville, portal_sewer_entry_d, uniq_pikel
D:5:      layout_loops_corners, uniq_eustachio, uniq_blork_the_orc
D:6:      layout_rooms, nicolae_uskayaw_dance_hall, interstate_on_off
D:7:      layout_layer_cave, mainiacjoe_overflow_brackets,
          minmay_temple_entry_ruins, uniq_joseph, uniq_menkaure
D:8:      layout_basic, fungi_pond_lemuel
D:9:      kennysheep_ambush_hall, layout_loops_cross, grunt_dithmenos_smoke,
          lemuel_coloured_pillars_altar, enter_bailey_3,
          hangedman_abyss_or_decor_slice, grunt_decor_arrowhead,
          hangedman_minor_gate_pass, uniq_erolcha
D:10:     layout_cave_pods, elyvilon_altar_3, mainiacjoe_overflow_alcove_1,
          mainiacjoe_overflow_chevrons, lemuel_crystal_altar,
          nicolae_diode_stairs
D:11:     gammafunk_cloud_chamber, layout_loops_ring, lair_entry_dummy,
          serial_shops, kennysheep_mini_moat
D:12:     minmay_angry_zag, layout_gridville, gammafunk_ghost_arena, uniq_urug,
          uniq_kirke, uniq_nergalle
D:13:     layout_basic, erik_vaults_1
D:14:     layout_irregular_city, serial_shops, nicolae_shop_crystal,
          nicolae_shop_behind_doors, shop, shop, nicolae_shop_trees,
          hellmonk_bongcloud_opening, uniq_jorgrun, uniq_frances
D:15:     hangedman_depths_entry_try_elsewhere_first, layout_loops_corners,
          hangedman_decor_points, uniq_louise
Temple:   nicolae_temple_god_jail
Lair:1:   layout_long_grid, grunt_megastairs_3, serial_bayou_shore_b,
          infiniplex_staircase_pool_2
Lair:2:   layout_cave_pods, gauntlet_entry_generic,
          chequers_serial_rivers_small_3, uniq_sonja
Lair:3:   layout_regular_city, nicolae_swamp_entry_splash_gauntlet,
          minmay_snake_entry_six_corridors
Lair:4:   layout_cave_pods, dpeg_slime_entry_enclosed, st_stairs_6
Lair:5:   wormcave, layout_long_grid, hangedman_lair_caniforms_friends,
          dreamdust_wasp_nest
Swamp:1:  gammafunk_mikee_crab_dinner, layout_basic_swamp,
          evilmike_swamp_ruin_house_5, uniq_roxanne
Orc:1:    cheibrodos_orc_arena, layout_caves, uniq_josephine
Orc:2:    pubby_orc_utopia

Skill      XL: |  1  2  3  4  5  6  7  8  9 10 11 12 13 14 15 |
---------------+----------------------------------------------+-----
Stealth        | 2 3 4 5 9 |  9.7
Ranged Weapons | 5 7 9 11 12 13 14 15 18 20 | 20.8
Dodging        | 5 7 10 11 13 | 13.1
Evocations     | 1 7 10 12 13 14 | 14.0
Invocations    | 5 7 9 11 13 | 13.3
Fighting       | 3 5 7 |  7.2

Action                   |  1- 3 |  4- 6 |  7- 9 | 10-12 | 13-15 || total
-------------------------+-------+-------+-------+-------+-------++-------
 Fire: Shortbow          |    94 |   169 |   441 |   517 |       ||  1221
       Arbalest          |       |       |       |   288 |  1221 ||  1509
 Abil: Evoke Invisibilit |       |       |       |     1 |       ||     1
Evoke: Wand              |       |       |       |    11 |       ||    11
  Use: Scroll            |       |     3 |     6 |    15 |    12 ||    36
       Potion            |       |       |       |     2 |     4 ||     6
Armor: Robe              |     3 |    11 |     5 |     6 |    28 ||    53
       Steam dragon scal |       |       |     1 |     8 |       ||     9
       Troll leather arm |       |       |       |     5 |       ||     5
Dodge: Dodged            |    15 |    44 |    99 |   558 |   661 ||  1377
